 Dungeon Crawl Stone Soup version 0.21-a0-51-gea492e9 (webtiles) character file.

621 Llamajah the Skirmisher (level 7, -1/85 HPs)
             Began as a Formicid Fighter on June 12, 2017.
             Was a Believer of Okawaru.
             Succumbed to Kaishin's ghost's poison
             ... on level 4 of the Dungeon.
             The game lasted 00:07:36 (2560 turns).

Llamajah the Skirmisher (Formicid Fighter)          Turns: 2560, Time: 00:07:37

Health: -1/85      AC: 23    Str: 22    XL:     7   Next: 75%
Magic:  7/7        EV:  2    Int:  8    God:    Okawaru [**....]
Gold:   129        SH: 10    Dex: 10    Spells: 6/6 levels left

rFire    . . .     SeeInvis .   a - +0 war axe
rCold    . . .     Gourm    .   c - +0 shield
rNeg     + + +     Faith    .   (armour currently unavailable)
rPois    +         Spirit   .   (helmet unavailable)
rElec    .         Reflect  .   (cloak currently unavailable)
rCorr    .         Harm     .   (gloves currently unavailable)
MR       .....                  (boots currently unavailable)
Stlth    +.........             (no amulet)
Regen    0.3/turn               (no ring)
MPRegen  0.1/turn               (no ring)

@: lethally poisoned (-1 -> -13), tree-form
A: permanent stasis, dig shafts and tunnels, four strong arms
a: Heroism, Renounce Religion


You were on level 4 of the Dungeon.
You worshipped Okawaru.
Okawaru was pleased with you.
You were hungry.
You were a tree.
You visited 1 branch of the dungeon, and saw 4 of its levels.

You collected 129 gold pieces.

Inventory:

Hand Weapons
 a - a +0 war axe (weapon)
Armour
 c - a +0 shield (worn)
 o - a +0 chain mail (melded)
Jewellery
 p - an uncursed ring of ice
Wands
 j - a wand of flame (17/48)
Scrolls
 b - 2 scrolls of remove curse {unknown}
 e - 2 scrolls of blinking {unknown}
 k - 2 scrolls of identify {unknown}
 l - 2 scrolls of enchant weapon {unknown}
 n - 2 scrolls of recharging {unknown}
Potions
 g - a potion of magic
Comestibles
 f - 3 bread rations
 h - 2 royal jellies
 m - 2 meat rations


   Skills:
 * Level 5.8 Fighting
 + Level 3.8 Axes
 + Level 4.8 Armour
 + Level 2.6 Dodging
 + Level 5.1 Shields


You had 6 spell levels left.
You didn't know any spells.

Dungeon Overview and Level Annotations

Branches:
Dungeon (4/15)
 Temple: D:4-7

Altars:
Okawaru
Vehumet
Wu Jian
Zin


Innate Abilities, Weirdness & Mutations

You cannot be hasted, slowed, berserked, paralysed or teleported.
You can dig through walls and to a lower floor.
Your four strong arms can wield two-handed weapons with a shield.
((You have a pair of large antennae on your head. (SInv)))


Message History

You feel very sick. The hound bites you but does no damage.
The hound barely misses you.
You hit the hound but do no damage.
* * * LOW HITPOINT WARNING * * *
You feel sick. You block the hound's attack.
The hound bites you but does no damage.
You hit the hound but do no damage.
* * * LOW HITPOINT WARNING * * *
You feel very sick.
The hound bites you but does no damage. x2
It was a potion of berserk rage.
Your stasis prevents you from going berserk.
* * * LOW HITPOINT WARNING * * *
You feel sick. The hound bites you but does no damage.
You block the hound's attack.
You closely miss the hound.
* * * LOW HITPOINT WARNING * * *
You feel sick.
The hound bites you but does no damage. x2
You hit the hound but do no damage.
You die...

######### .......(#
#######♣#
#.#######h###############
#.......s#..............#
....###W##.#############.##
$ #.##.# #... #W##.# ####
#W....##.. #.>.......
#{#.###..##


You could see a scorpion and a hound.

Vanquished Creatures
  The ghost of Kaishin the Frost Mage, a novice DsIE (D:4)
  Grinder (D:4)
  A bullfrog skeleton (D:3)
  An orc wizard (D:3)
  A hound skeleton (D:4)
  4 adders
  5 worms
  A leopard gecko (D:2)
  6 orcs (D:3)
  3 giant cockroaches
  4 goblins
  4 hobgoblins
  A jackal (D:2)
  A quokka (D:3)
  3 bats
  4 kobolds
  7 rats
48 creatures vanquished.

Notes
Turn   | Place    | Note
-------+----------+-------------------------------------------
     0 | D:1      | Llamajah the Formicid Fighter began the quest for the Orb.
     0 | D:1      | Reached XP level 1. HP: 18/18 MP: 1/1
   304 | D:1      | Reached XP level 2. HP: 21/24 MP: 2/2
   614 | D:2      | Found an ornate altar of the Wu Jian Council.
   847 | D:2      | Found an iron altar of Okawaru.
   850 | D:2      | Reached XP level 3. HP: 22/29 MP: 3/3
   858 | D:2      | Became a worshipper of Warmaster Okawaru
  1289 | D:3      | Reached skill level 1 in Dodging
  1289 | D:3      | Reached XP level 4. HP: 26/37 MP: 4/4
  1572 | D:3      | Reached XP level 5. HP: 30/43 MP: 5/5
  1971 | D:3      | Found a glowing silver altar of Zin.
  1972 | D:3      | Noticed an angel
  2294 | D:4      | Noticed Grinder
  2301 | D:4      | Found a radiant altar of Vehumet.
  2347 | D:4      | Killed Grinder
  2347 | D:4      | Reached * piety under Okawaru
  2347 | D:4      | Reached skill level 5 in Fighting
  2347 | D:4      | Reached XP level 6. HP: 27/51 MP: 6/6
  2347 | D:4      | Reached XP level 7. HP: 30/56 MP: 7/7
  2532 | D:4      | Noticed Kaishin's ghost (novice DsIE)
  2551 | D:4      | Killed Kaishin's ghost
  2551 | D:4      | Reached ** piety under Okawaru
  2551 | D:4      | Reached skill level 5 in Shields
  2557 | D:4      | HP: 3/85 [poisoned by Kaishin's ghost]
  2559 | D:4      | HP: 1/85 [poisoned by Kaishin's ghost]
  2560 | D:4      | Succumbed to Kaishin's ghost's poison

Vault maps used:
D:1:      tarquinn_simple_flora_water_e
D:2:      kb_forest_paths, lemuel_crystal_altar, first_bread, okawaru_trees_2,
          uniq_crazy_yiuf_cottage
D:3:      zin_angel
D:4:      grunt_dithmenos_smoke, vehumet_altar_wand_db, uniq_grinder

Skill      XL: |  1  2  3  4  5  6  7 |
---------------+----------------------+-----
Dodging        | 1 2 |  2.6
Shields        | 4 5 |  5.1
Fighting       | 4 5 |  5.8
Armour         | 4 |  4.8
Axes           | 3 |  3.8

Action                   |  1- 3 |  4- 6 |  7- 9 || total
-------------------------+-------+-------+-------++-------
Melee: War axe           |   104 |   135 |    16 ||   255
  Use: Potion            |     3 |       |     3 ||     6
  Eat: Chunk             |     1 |     4 |       ||     5
Armor: Scale mail        |    40 |    32 |       ||    72
       Chain mail        |       |    28 |     1 ||    29
       Skin              |       |       |    11 ||    11
Dodge: Dodged            |    38 |    31 |     5 ||    74
Block: Shield            |    47 |    84 |     5 ||   136
